 Dungeon Crawl Stone Soup version 0.30-a0-782-ge64f9170bb (webtiles) character file.

Game seed: 12320594511172101139

643 Leibowitz the Ruffian (level 7, -1/100 HPs)
             Began as a Troll Fighter on Feb 21, 2023.
             Succumbed to a scorpion's poison
             ... in an ossuary.
             The game lasted 00:07:00 (2342 turns).

Leibowitz the Ruffian (Troll Fighter)               Turns: 2342, Time: 00:07:01

Health: -1/100     AC: 23    Str: 27    XL:     7   Next: 26%
Magic:  6/6        EV:  1    Int:  4    God:
Gold:   215        SH:  8    Dex:  9    Spells: 6/6 levels left

rFire   . . .      SeeInvis .      - Unarmed
rCold   + . .      Faith    .    b - +0 kite shield
rNeg    . . .      Spirit   .    (body armour currently unavailable)
rPois   +          Reflect  .    (helmet currently unavailable)
rElec   .          Harm     .    (cloak currently unavailable)
rCorr   .          Rampage  .    (gloves unavailable)
Will    .....      NoTele   +    (boots unavailable)
Stlth   +                        (no amulet)
HPRegen 1.16/turn                w - ring of protection from cold
MPRegen 0.10/turn                (no ring)

@: mighty, brilliant, lethally poisoned (-1 -> -7), tree-form
A: stationary, stasis, torment immunity, boosted hp, large, unfitting armour,
(claws 3), regeneration 1, (shaggy fur 1), (tough skin 1)
a: no special abilities


You were in an ossuary.
You were a tree.
You visited 1 branch of the dungeon, and saw 4 of its levels.
You also visited: Ossuary.

You collected 215 gold pieces.

Inventory:

Missiles
 h - 5 poisoned darts (quivered)
Armour
 b - a +0 kite shield (worn)
 l - a scarf of resistance (melded)
 u - the +0 robe of Shadows and Fog (melded) {Int+3}
   (You found it on level 3 of the Dungeon)

   Int:       It affects your intelligence (+3).
Jewellery
 w - a ring of protection from cold (left branch)
Wands
 v - a wand of paralysis (12)
Scrolls
 a - a scroll of torment {unknown}
 d - a scroll of brand weapon {unknown}
 f - 5 scrolls of identify {unknown}
 i - 2 scrolls of fear {unknown}
 k - 2 scrolls of teleportation {unknown}
 m - 2 scrolls of magic mapping {unknown}
 t - a scroll of immolation {unknown}
Potions
 e - 2 potions of flight
 g - a potion of brilliance
 j - a potion of magic {unknown}
 n - a potion of heal wounds {unknown}
 o - a potion of ambrosia {unknown}
 p - a potion of degeneration {unknown}
 q - a potion of attraction {unknown}
 r - a potion of curing {unknown}
 s - a potion of resistance {unknown}
 x - a potion of lignification
 z - a potion of berserk rage {unknown}


   Skills:
 * Level 3.3 Fighting
 * Level 1.8 Armour
 * Level 3.8 Dodging
 * Level 3.6 Shields
 * Level 5.5 Unarmed Combat


You had 6 spell levels left.
You didn't know any spells.
Your spell library contained the following spells:

 Spells                   Type           Power      Damage    Failure   Level
 Tukima's Dance           Hex            0%         N/A       99%         3
 Passage of Golubria      Tloc           0%         N/A       100%        4
 Yara's Violent Unravell  Hex/Tmut       0%         3d3       100%        5


Dungeon Overview and Level Annotations

Branches:
Dungeon (4/15)            Ossuary (1/1)
 Temple: D:4-7

Altars:
Hepliaklqana
Qazlal


Innate Abilities, Weirdness & Mutations

You are a tree.
Your roots penetrate the ground, keeping you stationary.
You cannot be teleported.
You are immune to unholy pain and torment.
Your maximum health is greatly increased.
Your equipment is partially melded.
You are too large for most types of armour.
((You have claws for hands.))
Your natural rate of healing is unusually fast.
((You are covered in fur. (AC +1)))
((You have tough skin. (AC +1)))


Message History

You are more poisoned.
The scorpion poisons you! The scorpion stings you.
You claw the mummy!
The mummy is heavily damaged.
You feel very sick. The scorpion closely misses you.
You block the scorpion's attack.
You closely miss the mummy.
The mummy is heavily damaged.
You feel very sick.
The scorpion stings you but does no damage.
The scorpion stings you. The mummy hits you!
* * * LOW HITPOINT WARNING * * *
Unknown command.
It was a potion of flight.
You feel very buoyant.
You fly up into the air.
You feel very sick. The scorpion stings you.
* * * LOW HITPOINT WARNING * * *
The scorpion stings you but does no damage.
The mummy barely misses you.
It was a potion of brilliance.
You feel clever all of a sudden.
You feel very sick. You block the scorpion's attack. The scorpion stings you.
* * * LOW HITPOINT WARNING * * *
You are lethally poisoned!
The scorpion poisons you! The scorpion barely misses you.
It was a potion of lignification.
You turn into a tree.
Your scarf of resistance melds into your body.
The +0 robe of Shadows and Fog {Int+3} melds into your body.
You feel hot and cold all over.
Your roots penetrate the ground.
* * * LOW HITPOINT WARNING * * *
You feel very sick. You block the scorpion's attack.
The mummy hits you but does no damage.
The scorpion stings you but does no damage.
You block the scorpion's attack.
You pummel the mummy!!
You destroy the mummy!
You die...

#...#...#...#...#...#...#
#...'...'...#...8...†...#
#...#...#...#.......#...#
##########'###8...8######
#?.M#...#...#.......#M??#
#...#...8...#...8...#?.!#
#!?!#.....Z.#...#...#???#
##+###8...8###########+##
#....Zs♣# +...8.s.'......
#...#...#......
###############


You could see 2 scorpions, a gnoll zombie and an orc zombie.

Vanquished Creatures
  Sigmund (D:3)
  4 scorpions (Ossuary)
  A centaur zombie (Ossuary)
  A hound (D:4)
  4 scorpion zombies (Ossuary)
  2 mummies (Ossuary)
  2 adders
  2 worms (D:2)
  2 dart slugs (D:2)
  2 bats
  An endoplasm (D:3)
  8 giant cockroaches
  3 hobgoblins
  4 jackals (D:2)
  4 quokkas
  7 ball pythons
  A frilled lizard (D:2)
  2 hobgoblin zombies (Ossuary)
  6 kobolds
  A kobold zombie (Ossuary)
  2 orc zombies (Ossuary)
  7 rats
67 creatures vanquished.

Vanquished Creatures (others)
  2 fungi (D:3)
  A plant (D:3)
3 creatures vanquished.

Grand Total: 70 creatures vanquished

Notes
Turn   | Place    | Note
-------+----------+-------------------------------------------
     0 | D:1      | Leibowitz the Troll Fighter began the quest for the Orb.
     0 | D:1      | Reached XP level 1. HP: 22/22 MP: 0/0
   201 | D:1      | Reached XP level 2. HP: 29/29 MP: 1/1
   575 | D:2      | Found a hazy altar of Hepliaklqana.
   768 | D:2      | Reached XP level 3. HP: 32/36 MP: 2/2
  1386 | D:3      | Reached XP level 4. HP: 38/44 MP: 3/3
  1482 | D:3      | Reached skill level 3 in Unarmed Combat
  1576 | D:3      | Found a faded altar of an unknown god.
  1690 | D:3      | Identified the +0 robe of Shadows and Fog {Int+3}
  1711 | D:3      | Noticed Sigmund
  1726 | D:3      | Killed Sigmund
  1727 | D:3      | Reached skill level 1 in Armour
  1727 | D:3      | Reached skill level 4 in Unarmed Combat
  1727 | D:3      | Reached XP level 5. HP: 45/53 MP: 4/4
  1889 | D:3      | Found a stormy altar of Qazlal.
  2070 | D:4      | Found a sand-covered staircase.
  2084 | Ossuary  | Entered an ossuary
  2103 | Ossuary  | Reached XP level 6. HP: 61/61 MP: 5/5
  2153 | Ossuary  | Reached skill level 5 in Unarmed Combat
  2236 | Ossuary  | Reached XP level 7. HP: 66/67 MP: 6/6
  2340 | Ossuary  | HP: 3/67 [scorpion (1)]
  2342 | Ossuary  | Succumbed to a scorpion's poison

Illustrated notes

Levels and vault maps discovered:
D:1:      spicycebolla_arrival_xxxplode, layout_basic
D:2:      minmay_door_path, layout_loops_ring, basic_altar
D:3:      layout_rooms, nicolae_qazlal_eye_of_the_storm,
          shapermc_ecumenical_altar_petra, dreamdust_mushroom_princess,
          uniq_sigmund
D:4:      layout_gridville, minmay_temple_entry_proselytizer,
          nicolae_ossuary_entry_monument, kennysheep_generic_room_5,
          uniq_eustachio
Ossuary:  ossuary_minmay_scorpions

Skill      XL: |  1  2  3  4  5  6 |
---------------+-------------------+-----
Dodging        | 3 |  3.8
Unarmed Combat | 4 5 |  5.5
Fighting       | 3 |  3.3
Armour         | 1 |  1.8
Shields        | 3 |  3.6

Action                     |  1- 3 |  4- 6 |  7- 9 || total
---------------------------+-------+-------+-------++-------
  Melee: Unarmed           |   104 |    91 |    28 ||   223
    Use: Potion            |       |       |     4 ||     4
 Armour: Robe              |    31 |    25 |     7 ||    63
         Skin              |       |       |     2 ||     2
  Dodge: Dodged            |    34 |    26 |    13 ||    73
  Block: Kite shield       |    39 |    26 |    15 ||    80

Table legend: (Time is in decaauts)
 A = Elapsed time spent in this place.
 B = Non-inter-level travel time spent in this place.
 C = Inter-level travel time spent in this place.
 D = Time resting spent in this place.
 E = Time spent auto-exploring this place.
 F = Levels seen in this place.
 G = Mean time per level.
                   A        B        C        D        E       F      G
               +--------+--------+--------+--------+--------+-----+--------+
         Total |   2356 |   2325 |     31 |     38 |   1534 |   5 |  471.2 |
       Dungeon |   2095 |   2064 |     31 |      0 |   1520 |   4 |  523.8 |
       Ossuary |    260 |    260 |      0 |     38 |     14 |   1 |  260.0 |
               +--------+--------+--------+--------+--------+-----+--------+

Top non-repeatable levels by time:
     D:2: 850 daAuts
     D:3: 566 daAuts
     D:1: 537 daAuts
 Ossuary: 260 daAuts
     D:4: 141 daAuts
